 Dungeon Crawl Stone Soup version 0.28-a0-1616-g050a50673c (webtiles) character file.

Game seed: 8741650220930496243

136 croobank the Agent of Entropy (level 4, 0/36 HPs)
             Began as a Demonspawn Abyssal Knight on Jan 22, 2022.
             Was a Priest of Lugonu.
             Slain by a centaur zombie (2 damage)
             ... on level 4 of the Dungeon.
             The game lasted 00:10:03 (3284 turns).

croobank the Agent of Entropy (DsAK)                Turns: 3284, Time: 00:10:04

Health: 0/36       AC:  3    Str: 13    XL:     4   Next: 98%
Magic:  6/6        EV: 12    Int: 14    God:    Lugonu [***...]
Gold:   112        SH:  0    Dex: 13    Spells: 3/3 levels left

rFire   . . .      SeeInvis .   c - +2 dagger (flame)
rCold   . . .      Faith    .   (no shield)
rNeg    . . .      Spirit   .   b - +0 leather armour
rPois   .          Reflect  .   (helmet restricted)
rElec   .          Harm     .   (no cloak)
rCorr   .          Rampage  .   (no gloves)
Will    .....                   (no boots)
Stlth   +.........              (no amulet)
HPRegen 0.12/turn               j - ring of wizardry
MPRegen 0.10/turn               (no ring)

@: no status effects
A: antennae 1, foul stench 1
a: Renounce Religion, Depart the Abyss, Bend Space, Banish


You were on level 4 of the Dungeon.
You worshipped Lugonu.
Lugonu was most pleased with you.
You visited 1 branch of the dungeon, and saw 4 of its levels.
You visited the Abyss 1 time.

You collected 112 gold pieces.

Inventory:

Hand Weapons
 a - a +1 hand axe
 c - a +2 dagger of flaming (weapon)
Missiles
 e - 38 arrows
 h - 21 sling bullets
 i - 136 stones
 p - 16 bolts
 q - 3 curare-tipped darts (quivered)
 r - 5 boomerangs
Armour
 b - a +0 leather armour (worn)
Jewellery
 j - a ring of wizardry (left hand)
Scrolls
 d - a scroll of vulnerability
 f - a scroll of teleportation {unknown}
 g - a scroll of summoning {unknown}
 k - a scroll of fog {unknown}
 m - a scroll of enchant armour {unknown}
 o - a scroll of blinking {unknown}
 u - a scroll of magic mapping {unknown}
Potions
 l - a potion of cancellation {unknown}
 n - 2 potions of magic
 s - a potion of attraction {unknown}
 t - a potion of degeneration {unknown}


   Skills:
 + Level 3.6 Fighting
 + Level 2.6 Axes
 + Level 2.6 Armour
 + Level 2.0 Dodging
 + Level 3.7 Invocations


You had 3 spell levels left.
You didn't know any spells.
Your spell library contained the following spells:

 Spells                   Type           Power      Damage    Failure   Level
 Fireball                 Conj/Fire      0%         3d3       98%         5
 Iskenderun's Battlesphe  Conj           0%         2d6       98%         5
 Conjure Ball Lightning   Conj/Air       0%         3x3d6     100%        6
 Orb of Destruction       Conj           0%         9d5       100%        7


Dungeon Overview and Level Annotations

Branches:
Dungeon (4/15)
 Temple: D:4-7

Altars:
Fedhas


Innate Abilities, Weirdness & Mutations

You have a pair of small antennae on your head.
You may rarely emit foul miasma when damaged in melee.


Message History

The adder zombie is heavily damaged.
The adder zombie misses you. The adder zombie bites you.
You closely miss the adder zombie.
The adder zombie is heavily damaged.
The centaur zombie barely misses you. The centaur zombie closely misses you.
The adder zombie bites you.
You hit the adder zombie. You burn the adder zombie.
You destroy the adder zombie!
Lugonu accepts your kill.
The centaur zombie hits you but does no damage.
The centaur zombie kicks you but does no damage.
The centaur zombie barely misses you. The centaur zombie kicks you.
You hit the centaur zombie. You burn the centaur zombie.
The centaur zombie is lightly damaged.
The centaur zombie misses you. x2
You hit the centaur zombie. You burn the centaur zombie.
The centaur zombie is moderately damaged.
The centaur zombie closely misses you.
The centaur zombie kicks you but does no damage.
A kobold comes into view. It is wielding a +0 short sword.
The kobold shouts!
You hit the centaur zombie. You burn the centaur zombie.
The centaur zombie is moderately damaged.
The centaur zombie hits you.
The centaur zombie barely misses you. x2
The centaur zombie kicks you.
You emit a cloud of foul miasma!
You hit the centaur zombie. You burn the centaur zombie.
The centaur zombie is heavily damaged.
The centaur zombie closely misses you. x2
You hit the centaur zombie. You burn the centaur zombie.
The centaur zombie is severely damaged.
The centaur zombie hits you.
* * * LOW HITPOINT WARNING * * *
The centaur zombie kicks you.
* * * LOW HITPOINT WARNING * * *
You hit the centaur zombie. You burn the centaur zombie.
The centaur zombie is severely damaged.
The centaur zombie hits you.
* * * LOW HITPOINT WARNING * * *
The centaur zombie misses you. The centaur zombie hits you.
You die...

... .... .. ..
.P..### .# #..
....... .###...
8..P... .....#
8....K. .....#
.......##........
$.##.. .....?....#
..# #.....
.#...(..@## ..).
#?....
####..#Z####....#
#....$ ####.........#
...PP.
.##..#....(.....
......
.................
#..P
..................
.##...............
#..
##..............#...#
##................


You could see a centaur zombie and a kobold.

Vanquished Creatures
  Robin (D:3)
  3 adders
  An ufetubus (D:4)
  2 adder zombies (D:4)
  An adder skeleton (D:4)
  A dart slug (D:3)
  5 ball pythons
  11 endoplasms
  4 giant cockroaches
  10 goblins
  7 hobgoblins
  8 kobolds
  3 quokkas
  2 bats
  6 frilled lizards
  11 rats
76 creatures vanquished.

Vanquished Creatures (others)
  2 withered plants (D:4)
2 creatures vanquished.

Grand Total: 78 creatures vanquished

Notes
Turn   | Place    | Note
-------+----------+-------------------------------------------
     0 | Abyss:1  | croobank the Demonspawn Abyssal Knight began the quest for
                  | the Orb.
     0 | Abyss:1  | Reached XP level 1. HP: 18/18 MP: 2/2
    30 | D:1      | Escaped the Abyss
    69 | D:1      | Reached skill level 1 in Dodging
   118 | D:1      | Gained mutation: You may rarely emit foul miasma when
                  | damaged in melee. [demonic ancestry]
   118 | D:1      | Reached XP level 2. HP: 20/24 MP: 4/4
   618 | D:1      | Reached ** piety under Lugonu
   978 | D:1      | Gained mutation: You have a pair of small antennae on your
                  | head. [demonic ancestry]
   978 | D:1      | Reached XP level 3. HP: 24/29 MP: 5/5
  1060 | D:2      | Found a faded altar of an unknown god.
  1446 | D:2      | You fall into a shaft and drop 2 floors!
  1677 | D:3      | Reached XP level 4. HP: 18/35 MP: 6/6
  2440 | D:3      | Identified the +0 helmet of Jaeshrow {-Cast rPois rF+ rC++}
  2440 | D:3      | Noticed Robin
  2509 | D:3      | Reached *** piety under Lugonu
  2657 | D:3      | Found a blossoming altar of Fedhas.
  2705 | D:3      | Killed Robin
  3284 | D:4      | Slain by a centaur zombie

Illustrated notes

Levels and vault maps discovered:
D:1:      wheals_arrival_shading, layout_basic, hex_medium, chequers_avenue
D:2:      layout_rooms, nicolae_ecumenical_pavilion
D:3:      layout_basic, fedhas_altar_1, st_stairs_7, uniq_robin
D:4:      layout_cave_pools, serial_undead, serial_undead_f, serial_undead_c,
          serial_undead_e, serial_undead_f, serial_undead_e, serial_undead_e,
          serial_undead_b, serial_undead_e

Skill      XL: |  1  2  3  4 |
---------------+-------------+-----
Dodging        | 1 2 |  2.0
Armour         | 2 |  2.6
Axes           | 2 |  2.6
Invocations    | 3 |  3.7
Fighting       | |  3.6

Action                   |  1- 3 |  4- 6 || total
-------------------------+-------+-------++-------
Melee: Hand axe          |   136 |    58 ||   194
       Dagger            |       |    44 ||    44
Throw: Dart              |       |     3 ||     3
  Use: Potion            |     2 |     1 ||     3
       Scroll            |       |     2 ||     2
 Stab: Sleeping          |     2 |       ||     2
Armor: Leather armour    |    43 |    33 ||    76
Dodge: Dodged            |    88 |    88 ||   176

Table legend: (Time is in decaauts)
 A = Elapsed time spent in this place.
 B = Non-inter-level travel time spent in this place.
 C = Inter-level travel time spent in this place.
 D = Time resting spent in this place.
 E = Time spent auto-exploring this place.
 F = Levels seen in this place.
 G = Mean time per level.
                   A        B        C        D        E       F      G
               +--------+--------+--------+--------+--------+-----+--------+
         Total |   3321 |   3282 |     39 |    771 |   1650 |   7 |  474.4 |
       Dungeon |   3291 |   3252 |     39 |    771 |   1650 |   4 |  822.8 |
         Abyss |     29 |     29 |      0 |      0 |      0 |   3 |    9.7 |
               +--------+--------+--------+--------+--------+-----+--------+

Top non-repeatable levels by time:
     D:3: 1342 daAuts
     D:1: 1043 daAuts
     D:2: 859 daAuts
     D:4: 45 daAuts
 Abyss:3: 14 daAuts
 Abyss:2: 10 daAuts
 Abyss:1: 4 daAuts
